[Event "Czech Championship 2024"]
[Site "Ostrava"]
[Date "2024.05.05"]
[Round "9.1"]
[White "Finek, Vaclav"]
[Black "Hrbek, Stepan"]
[Result "1-0"]
[ECO "A62"]
[WhiteElo "2431"]
[BlackElo "2407"]
[Annotator "TA"]
[PlyCount "73"]
[EventDate "2024.04.25"]
[EventType "tourn"]
[EventCountry "CZE"]
[SourceTitle "playchess.com"]
[Source "ChessBase"]
[SourceQuality "1"]
[TimeControl "40/5400+30:1800+30"]

1. d4 Nf6 2. c4 e6 3. g3 c5 4. d5 exd5 5. cxd5 d6 6. Nc3 g6 7. Bg2 Bg7 8. Nf3 O-O 9. O-O Re8 10. Bf4 h6 11. Qc1 g5 12. Bd2 Bf5 {[%emt 0:00:15] White has an edge.} 13. h4 g4 14. Ne1 Kh7 15. Nc2 Bg6 16. Ne3 Nbd7 {[%emt 0:07:04] [#]} 17. h5 $1 Nxh5 18. Nxg4 {[%emt 0:00:12][%cal Be3g4,Bg4h2,Bh2f3,Bf3e1][%mdl 32] next Bf3 is good for White.} f5 19. Nh2 Ndf6 20. Nf3 Ne4 21. Nxe4 Rxe4 22. e3 b5 23. Bc3 Nf6 24. a3 (24. Nh4 Rxh4 25. gxh4 b4 $11) 24... a5 25. Ne1 ({Much weaker is} 25. Nh4 Rxh4 26. gxh4 Qe7 $11) 25... b4 {[%emt 0:05:54] [#]} 26. axb4 ({White should play} 26. Bxf6 $1 $16 Bxf6 27. Bxe4 fxe4 28. axb4 cxb4 29. Qd2) 26... axb4 $14 {[%emt 0:02:17] aiming for ...Rxa1.} 27. Bxf6 Rxa1 28. Qxa1 Qxf6 29. Qa6 (29. Bxe4 $14 fxe4 30. Qa6) 29... f4 30. exf4 Rd4 31. b3 (31. Nf3 $5 Bd3 (31... Rxd5 32. Qa8 $18) 32. Qa1 Bxf1 (32... Rxd5 $2 {is the wrong capture.} 33. Rd1 $18) 33. Qxf1 $14) 31... Rd1 32. Qe2 {[%emt 0:00:20] Prevents Qe7.} Qd4 (32... Rb1 $11) 33. Qe6 {[%emt 0:03:16][%cal Og2f3] Threatens to win with Bf3!} c4 $2 {[%emt 0:01:53][%mdl 8192] [#] Loses the game.} (33... Qf6 $1 $14) 34. Bf3 $1 $18 {[%emt 0:01:42] f5 would now be deadly. White is clearly winning.} cxb3 35. f5 Bf7 36. Qxf7 b2 37. Bxd1 {[%emt 0:00:43] Weighted Error Value: White=0.12 (very precise) /Black=0.49.  Loses game:     	---       	Black=1      Mistake:       	White=2     	Black=2      Inaccurate:     	White=3     	Black=4      OK:         	White=11    	Black=11     Best:        	White=3     	Black=1      Strong:       	White=1     	---} 1-0

[Event "Czech Championship 2024"]
[Site "Ostrava"]
[Date "2024.05.05"]
[Round "9.2"]
[White "Jirovsky, Milos"]
[Black "Stalmach, Richard"]
[Result "0-1"]
[ECO "E06"]
[WhiteElo "2450"]
[BlackElo "2446"]
[Annotator "TA"]
[PlyCount "92"]
[EventDate "2024.04.25"]
[EventType "tourn"]
[EventCountry "CZE"]
[SourceTitle "playchess.com"]
[Source "ChessBase"]
[SourceQuality "1"]
[TimeControl "40/5400+30:1800+30"]

1. Nf3 d5 2. d4 Nf6 3. c4 e6 4. g3 Be7 5. Bg2 Ne4 6. O-O f5 7. Nbd2 c6 8. Nxe4 {[%emt 0:03:38] White is slightly better.} fxe4 9. Ne5 Nd7 10. Nxd7 Bxd7 11. Qb3 Qb6 12. Bf4 O-O (12... Bf6 $11) 13. Be5 Bf6 14. Bd6 Qxb3 15. axb3 Rfd8 16. Rfd1 Be8 17. Bc7 Rdc8 18. Bd6 Bh5 19. Rd2 Rd8 20. Bc7 Re8 21. f3 e3 22. Rdd1 g5 23. c5 Bg6 24. Rac1 {[%emt 0:00:47] Prevents Bc2.} (24. b4 $11) 24... e5 $17 {[%emt 0:00:04] Black is more active.} 25. dxe5 Rxe5 26. Ba5 {[%emt 0:03:06] [#]} d4 27. Rxd4 $11 Rxc5 28. Rxc5 Bxd4 29. Rxg5 Bxb2 {[%emt 0:00:08] Threatens to win with ...b6.} 30. f4 Rf8 31. Be4 $1 {[%emt 0:05:09][%cal Of4f5] Prevents Rf5. And now f5! would win.} Bf6 32. Rg4 Kf7 $1 33. Bxg6+ hxg6 $15 {[%emt 0:00:15][%mdl 4096] Endgame. KRB-KRB} 34. Kg2 {[%emt 0:00:32] [#]} (34. f5 $1 $15) 34... b6 $1 $17 35. Bb4 (35. Be1 $17 {was the only chance.}) 35... Rd8 $19 36. f5 gxf5 37. Rf4 c5 38. Ba3 Rd1 39. Rxf5 {[%emt 0:03:26] Bb2 would now be deadly.} Ke6 40. Rf1 {[%emt 0:01:45] [#]} (40. g4) 40... Rxf1 $1 41. Kxf1 {[%emt 0:30:03] KB-KB} Kd5 (41... Bc3 $142 42. h4 Kd5) 42. h4 b5 {[%emt 0:01:16] Strongly threatening ...b4.} 43. Ke1 b4 44. Bc1 c4 45. bxc4+ Kxc4 46. Bxe3 a5 {[%emt 0:00:05] Weighted Error Value: White=0.81/Black=0.19 (very precise) .  Mistake:       	White=4     	Black=2      Inaccurate:     	White=4     	Black=3      OK:         	White=14    	Black=17     Best:        	White=1     	---        Strong:       	White=1     	Black=3} 0-1

[Event "Czech Championship 2024"]
[Site "Ostrava"]
[Date "2024.05.05"]
[Round "9.3"]
[White "Stocek, Jiri"]
[Black "Nemec, Jachym"]
[Result "1-0"]
[ECO "D51"]
[WhiteElo "2531"]
[BlackElo "2416"]
[Annotator "TA"]
[PlyCount "75"]
[EventDate "2024.04.25"]
[EventType "tourn"]
[EventCountry "CZE"]
[SourceTitle "playchess.com"]
[Source "ChessBase"]
[SourceQuality "1"]
[TimeControl "40/5400+30:1800+30"]

1. d4 d5 2. c4 e6 3. Nc3 Nf6 4. Bg5 Nbd7 5. e3 Bb4 6. cxd5 exd5 7. Bd3 c5 8. Nge2 O-O 9. O-O Qa5 (9... c4 $142) 10. a3 $16 Bxc3 {[%emt 0:00:14] White is clearly better.} 11. Nxc3 c4 12. Bf5 Re8 13. Bh4 b6 14. Qf3 Bb7 15. Qh3 Bc6 16. Rad1 Qa6 17. Rfe1 g6 18. Bc2 Qb7 19. b4 (19. Bg5 $18) 19... cxb3 20. Bxb3 Rac8 21. Qf3 Kg7 22. h3 {[%emt 0:01:08] White has more active pieces.} (22. a4 $5) 22... b5 23. Rb1 Re6 24. Qe2 a6 25. Qb2 Nb6 {[%emt 0:04:23] [#]} ({Black should try} 25... Ne4 $1 $14) 26. e4 $1 $36 {[%emt 0:02:32][%cal Be3e4,Be4d5,Bd5d6][%mdl 2592] Black is under strong pressure.} Nh5 (26... Nxe4 $2 27. Nxe4 Rce8 28. f3 $18) (26... Qd7 27. e5) 27. Qa2 Rce8 28. Re3 (28. Bxd5 $2 Bxd5 29. Qa1 Rxe4 (29... Bxe4 30. d5 $17) 30. Nxe4 Rxe4 (30... Bxe4 31. d5+ f6 32. Rb4 $11) 31. Rxe4 Bxe4 32. d5+ f6 $19) 28... Nf6 {[%emt 0:07:27] This move loses the game for Black.} (28... Rxe4 $16 29. Rxe4 (29. Nxe4 dxe4 30. Qb2 Nd5 $18) 29... dxe4) 29. Bxf6+ $18 Rxf6 30. exd5 ({Inferior is} 30. Bxd5 Bxd5 31. exd5 (31. Nxd5 Nxd5 32. Qxd5 Qxd5 $11) 31... Rd8 $11) 30... Bd7 31. Rxe8 Bxe8 32. Re1 {[%emt 0:00:30] Wards off Qe7} Qb8 33. Ne4 Rf4 34. Qd2 {[%emt 0:00:27] d6 would now be deadly.} Bd7 35. d6 Rf5 (35... Rxe4 36. Rxe4 Qxd6) 36. d5 f6 $2 (36... Re5 37. Qd4 f6) 37. Qc3 (37. f4 $142) 37... Nc4 {[%emt 0:01:57] [#]} (37... Re5 $18 38. f4 Rxe4 39. Rxe4 Qxd6) 38. Nxf6 $1 {[%emt 0:01:02][%mdl 512] Weighted Error Value: White=0.45/Black=0.50.  Mistake:       	White=1     	Black=6      Inaccurate:     	White=3     	Black=3      OK:         	White=16    	Black=11     Best:        	White=1     	Black=1} 1-0

[Event "Czech Championship 2024"]
[Site "Ostrava"]
[Date "2024.05.05"]
[Round "9.4"]
[White "Kraus, Tomas"]
[Black "Neuman, Petr"]
[Result "0-1"]
[ECO "A01"]
[WhiteElo "2488"]
[BlackElo "2429"]
[Annotator "TA"]
[PlyCount "184"]
[EventDate "2024.04.25"]
[EventType "tourn"]
[EventCountry "CZE"]
[SourceTitle "playchess.com"]
[Source "ChessBase"]
[SourceQuality "1"]
[TimeControl "40/5400+30:1800+30"]

1. b3 e5 2. Bb2 Nc6 3. c4 g6 4. e3 Bg7 5. Nf3 f5 6. d4 e4 7. Ng1 d6 8. Nc3 {[%emt 0:05:49] White is slightly better.} Nf6 9. h4 Ne7 (9... f4 $11 10. exf4 Ne7) 10. d5 c6 ({Black should try} 10... Neg8 $14) 11. Nh3 cxd5 12. Nf4 (12. cxd5 Nfxd5 13. Qd2 Qa5 $11) 12... O-O 13. cxd5 (13. Ncxd5 Nexd5 14. cxd5 (14. Nxd5 Rf7 $11) 14... Qa5+ 15. Qd2 Qxd2+ 16. Kxd2 Bd7) 13... Bd7 14. Qd2 Qa5 {[%emt 0:04:32] Wards off Nb5} 15. Rd1 Ng4 16. Be2 Rac8 17. Rc1 Ne5 18. O-O Qb6 (18... b5 $1 $14) 19. Rc2 Bf6 20. g3 h6 21. Kg2 g5 (21... Rf7 $14 {deserves consideration.}) 22. hxg5 $1 $16 hxg5 23. Ne6 Rf7 (23... Bxe6 $16 24. dxe6 Nf3) 24. Rfc1 (24. Rh1 $18) 24... Qb4 25. Nd4 {[%emt 0:01:22][%cal Oc3e4] Repels Nf3} (25. Qd1 {is more complex.} Rh7 26. a3 Nf3 27. Bxf3 exf3+ 28. Qxf3 Qg4 29. Qxg4 fxg4 30. e4) 25... Nd3 26. Bxd3 exd3 27. Ne4 {[%emt 0:01:23] Excellent horsemanship.} Qxd2 28. Nxf6+ $1 Rxf6 29. Rxd2 Rxc1 30. Bxc1 Nxd5 31. Rxd3 Nb4 32. Rd2 Nc6 33. Nb5 Ne5 34. Nxa7 {[%emt 0:00:39] Bb2 would now be deadly.} (34. Nxd6 Bc6+ 35. f3 Nxf3 $17) 34... f4 35. exf4 gxf4 36. gxf4 Rg6+ $1 37. Kf1 Nf3 {[%emt 0:00:55] Threatens to win with ...Rg1+.} 38. Rd1 $1 Bg4 39. Rd3 (39. f5 $14 Bxf5 40. Nb5) 39... Rh6 $15 {[%emt 0:01:06][%mdl 1024] Black has compensation.} 40. Rc3 Rh1+ 41. Ke2 {[%emt 0:30:33][%cal Oc1b2] [#]} d5 ({Better is} 41... Nd4+ $1 $17 42. Kd3 Rd1+ (42... Ne2 43. Bd2 $17) 43. Ke4 Ne2 (43... Bf5+ $2 44. Ke3 $19)) 42. Bd2 Ra1 43. a4 (43. Rxf3 Rxa2 (43... Bxf3+ $2 {is the wrong capture.} 44. Kxf3 Rxa2 45. Be3 $18) 44. Kd3 Bxf3 $17) 43... Ra2 44. Rxf3 Bxf3+ $11 {[%emt 0:00:16][%mdl 4096] Endgame. KRB-KBN} 45. Ke3 (45. Kxf3 $11 {was the only way to keep the balance.} Rxd2 46. Ke3) 45... Bd1 $17 46. a5 Bxb3 {[%emt 0:00:18] Black is much more active.} (46... d4+ 47. Kd3 Bxb3 48. Nc8 $17) 47. Nb5 $2 {[%emt 0:00:00] [#] This move loses the game for White.} (47. Nc8 $17) 47... Bc4 $1 $19 48. Nc3 Rxa5 49. Kd4 Ra8 50. Be3 (50. Kc5 {was worth a try.}) 50... b5 51. Kc5 Rc8+ 52. Kb4 Kf7 53. Bd4 Ke6 54. Be5 Kf5 55. f3 Ke6 56. Nxb5 $2 (56. Nb1 $19) 56... Bxb5 57. Kxb5 {[%emt 0:00:00] KR-KB} Rc4 58. Bb8 Rc3 59. Be5 Rxf3 60. Kc5 Rf1 61. Kd4 Rd1+ 62. Ke3 Re1+ 63. Kd4 Re4+ 64. Kd3 Ra4 65. Ke3 Kd7 {[%emt 0:01:46] ( -> ...Ra3+)} 66. Kd3 $2 (66. Kd2 $19) 66... Ra3+ 67. Kd4 Kc6 68. Bg7 Ra4+ 69. Ke5 Re4+ 70. Kf5 Re2 71. Be5 Kd7 72. Kf6 Rd2 73. Kf5 Rd1 74. Bf6 Kd6 75. Be5+ Ke7 76. Bf6+ Kd7 (76... Kf7 $142 77. Bb2 Rd2 78. Bf6 Re2 79. Bd4 Re4 80. Bg1 Ke8 81. Bf2 Kd7 82. Ba7 Kc6 83. Kg4 d4 84. Kf3 d3 85. Be3 Kd5 86. f5 Re5 87. Kf4 Re8 88. Kf3 Ke5 89. Bg5 Kxf5 90. Bd2 Re2 91. Bc3 Ke6 92. Ba5 Kd5 93. Bc3 Kc4 94. Ba5 Ra2 95. Bd8 Rh2 96. Bg5 d2 97. Bxd2 Rxd2 98. Kf4 Kd4 99. Kf5 Re2 100. Kf6 Re5 101. Kg6 Kd5 102. Kf7 Re6 103. Kf8 Kd6 104. Kf7 Kd7 105. Kf8 Re7 106. Kg8 Ke8 107. Kh8 Kf7 108. Kh7 Re6 109. Kh8 Rh6#) 77. Bg7 Re1 {[%emt 0:00:39] Black mates.} 78. Bd4 Re4 79. Bg7 Kc6 80. Be5 Re2 81. Bd4 Kb5 82. Bg7 Kc4 83. Kg6 Rg2+ 84. Kf6 d4 85. f5 d3 86. Bh6 Kd5 87. Ke7 Re2+ 88. Kf7 d2 89. Bxd2 Rxd2 90. f6 Kd6 91. Ke8 Re2+ 92. Kf7 Ke5 {[%emt 0:04:44] Weighted Error Value: White=0.34/Black=0.15 (very precise) .  Loses game:     	White=1     	---        Mistake:       	White=5     	Black=6      Inaccurate:     	White=9     	Black=3      OK:         	White=22    	Black=19     Best:        	White=4     	Black=4      Strong:       	White=3     	Black=2} 0-1

[Event "Czech Championship 2024"]
[Site "Ostrava"]
[Date "2024.05.05"]
[Round "9.5"]
[White "Navara, David"]
[Black "Simacek, Pavel"]
[Result "1-0"]
[ECO "C42"]
[WhiteElo "2678"]
[BlackElo "2446"]
[Annotator "TA"]
[PlyCount "67"]
[EventDate "2024.04.25"]
[EventType "tourn"]
[EventCountry "CZE"]
[SourceTitle "playchess.com"]
[Source "ChessBase"]
[SourceQuality "1"]
[TimeControl "40/5400+30:1800+30"]

1. e4 e5 2. Nf3 Nf6 3. Nxe5 Nxe4 4. Qe2 Qe7 5. Qxe4 d6 6. d4 dxe5 7. dxe5 Nc6 8. Nc3 Qxe5 9. Qxe5+ Nxe5 {[%emt 0:00:03] White is slightly better.} 10. Bf4 f6 11. O-O-O {[%emt 0:01:56] Black must now prevent Nb5.} Bc5 (11... Bd7 $14) 12. Ne4 Be7 13. Bxe5 fxe5 14. Bc4 {[%emt 0:01:07] Repels Be6} Bf5 15. Rhe1 Bxe4 16. Rxe4 Bf6 17. f4 {[%emt 0:01:55] White has more active pieces. The black rooks are passive.} Ke7 18. g4 {[%emt 0:09:23][%cal Bg2g4,Bg4g5,Bg5f6][%mdl 32] Threatens to win with g5!} (18. fxe5 Bg5+ 19. Kb1 Rhf8 $16) 18... g6 {[%emt 0:00:20] [#]} 19. g5 $1 ({Don't take} 19. fxe5 Bg5+ 20. Kb1 Rhf8 $14) 19... Bg7 20. fxe5 Rad8 21. Rf1 $36 {[%emt 0:01:44][%mdl 2048] White is really pushing.} Rhf8 {[%emt 0:11:49] [#] Prevents Rf7+} 22. Rf6 {[%emt 0:00:14][%cal Oe4h4][%mdl 512] Hoping for Rh4!} Bxf6 {[%emt 0:00:20] This move loses the game for Black.} (22... Kd7 $16 23. Rf7+ Rxf7 24. e6+ (24. Bxf7 Ke7 $11) 24... Ke7 25. exf7+ Kf8) (22... Rd7 23. e6) 23. gxf6+ $16 {[%emt 0:02:26][%mdl 4096] Endgame. KRR-KRB} ({Don't do} 23. exf6+ $6 Kd6) 23... Ke8 24. c3 c6 25. Kc2 Rd7 26. Be6 Rd8 27. a4 a5 28. b4 Ra8 29. Rd4 Rd8 30. Rh4 h5 31. bxa5 {[%emt 0:00:09] aiming for Rb4.} Ra8 32. Rb4 Rxa5 33. Rxb7 Rxe5 34. Rb8# {[%emt 0:00:05] Weighted Error Value: White=0.10 (very precise) /Black=0.56.  Mistake:       	---       	Black=2      Inaccurate:     	White=1     	Black=3      OK:         	White=11    	Black=7      Best:        	White=2     	Black=1      Strong:       	White=1     	---        Brilliant:      	White=1     	---} 1-0